 Dungeon Crawl Stone Soup version 0.30-a0-364-gf6b3ef1049 (webtiles) character file.

Game seed: 1903134145424408321

445 Ijustatesigmund the Magician (level 6, -6/35 HPs)
             Began as a Deep Elf Fire Elementalist on Nov 15, 2022.
             Mangled by Pikel
             ... wielding a +2 whip of electrocution
              (13 damage)
             ... on level 5 of the Dungeon.
             The game lasted 00:11:27 (4216 turns).

Ijustatesigmund the Magician (DEFE)                 Turns: 4216, Time: 00:11:28

Health: -6/35      AC:  4    Str:  5    XL:     6   Next: 72%
Magic:  11/16      EV: 12    Int: 22    God:
Gold:   237        SH:  0    Dex: 15    Spells: 8/15 levels left

rFire   + . .      SeeInvis .    l - staff of fire
rCold   . . .      Faith    .    (no shield)
rNeg    . . .      Spirit   .    a - +0 robe
rPois   .          Reflect  .    (helmet restricted)
rElec   .          Harm     .    (no cloak)
rCorr   .          Rampage  .    r - +0 pair of gloves
Will    .....      Clarity  +    g - +0 pair of boots
Stlth   ++........               (no amulet)
HPRegen 0.25/turn                (no ring)
MPRegen 0.15/turn                (no ring)

@: no status effects
A: horns 1, clarity
a: no special abilities


You were on level 5 of the Dungeon.
You visited 1 branch of the dungeon, and saw 5 of its levels.

You collected 237 gold pieces.

Inventory:

Hand Weapons
 c - a +0 spear of freezing
Missiles
 h - 5 poisoned darts
 v - 6 curare-tipped darts (quivered)
Armour
 a - a +0 robe (worn)
 g - a +0 pair of boots (worn)
 r - a +0 pair of gloves (worn)
Magical Staves
 e - a staff of earth
 l - a staff of fire (weapon)
Jewellery
 u - a ring of positive energy
Wands
 y - a wand of mindburst (7)
 C - a wand of polymorph (9)
Scrolls
 f - a scroll of enchant armour {unknown}
 m - a scroll of acquirement {unknown}
 n - a scroll of immolation {unknown}
 s - a scroll of blinking {unknown}
 t - a scroll of fear
 x - a scroll of torment {unknown}
 A - a scroll of silence {unknown}
 B - a scroll of vulnerability {unknown}
Potions
 b - 2 potions of magic
 d - a potion of resistance
 i - a potion of heal wounds
 j - a potion of invisibility
 k - a potion of might
 o - a potion of curing {unknown}
 p - 2 potions of haste {unknown}
 w - a potion of flight {unknown}
 z - a potion of attraction {unknown}


   Skills:
 + Level 1.7 Fighting
 - Level 2.0 Staves
 - Level 2.4 Dodging
 - Level 2.4 Stealth
 + Level 5.3 Spellcasting
 + Level 3.6 Conjurations
 + Level 4.9 Fire Magic
 + Level 1.6 Evocations


You had 8 spell levels left.
You knew the following spells:

 Your Spells              Type           Power      Damage    Failure   Level
a - Foxfire               Conj/Fire      100%       2x1d9     1%          1
b - Scorch                Fire           82%        2d9       1%          2
c - Flame Wave            Conj/Fire      37%        2d10      17%         4

Your spell library contained the following spells:

 Spells                   Type           Power      Damage    Failure   Level
 Magic Dart               Conj           84%        1d7       2%          1
 Searing Ray              Conj           42%        2d6       3%          2
 Summon Small Mammal      Summ           20%        N/A       10%         1
 Inner Flame              Hex/Fire       25%        N/A       11%         3
 Kindle Blastsparks       Fire/Tloc/Air  38%        2d13      16%         3
 Call Canine Familiar     Summ           5%         N/A       28%         3
 Summon Guardian Golem    Hex/Summ       5%         N/A       28%         3
 Fulminant Prism          Conj/Hex       6%         3d7       43%         4
 Freezing Cloud           Conj/Ice/Air   5%         6-21      86%         5
 Simulacrum               Ice/Necr       2%         N/A       100%        6
 Polar Vortex             Ice            2%         N/A       100%        9


Dungeon Overview and Level Annotations

Branches:
Dungeon (5/15)
 Temple: D:4-7

Altars:
Xom

Annotations:
D:5 Pikel


Innate Abilities, Weirdness & Mutations

You have a pair of small horns on your head.
You possess an exceptional clarity of mind.


Message History

You start resting.
Magic restored.
Pikel and a lemure come into view.
Pikel is wielding a +2 whip of electrocution and wearing a +2 robe of willpower.
The lemure shouts!
You hear a shout!
Things that are here:
a +0 trident; a +0 scale mail
Casting: Foxfire (safe; 1% risk of failure)
Confirm with . or Enter, or press ? or * to list all spells.
You feel a surge of power!
You conjure some foxfire!
Pikel shouts!
You hear a shout!
The foxfire hits the lemure.
The lemure is lightly wounded.
Your foxfire dissipates!
There is a stone staircase leading up, spattered with blood here.
Casting: Foxfire (safe; 1% risk of failure)
Confirm with . or Enter, or press ? or * to list all spells.
You feel a surge of power!
You conjure some foxfire!
The foxfire hits Pikel.
Pikel is lightly wounded.
The foxfire hits Pikel but does no damage.
Pikel is lightly wounded.
Casting: Foxfire (safe; 1% risk of failure)
Confirm with . or Enter, or press ? or * to list all spells.
You feel a surge of power!
Flames lash Pikel.
Pikel is moderately wounded.
Pikel's fire resistance burns away.
You hear a shout!
Pikel drinks a potion.
Pikel seems to grow stronger.
Pikel hits you with a +2 whip of electrocution!
You are electrocuted!!
Ouch! That really hurt!
* * * LOW HITPOINT WARNING * * *
Casting: Scorch (safe; 1% risk of failure)
Confirm with . or Enter, or press ? or * to list all spells.
You feel a surge of power!
Flames lash the lemure.
The lemure is moderately wounded.
The lemure's fire resistance burns away.
Pikel hits you with a +2 whip of electrocution!
You die...

### #.. #.. #.#
#.# #.# #.#
##)## .
#@..####...#
##K........#
#5#####...#
#..# #
#.....))o..
#.§.~~≈......
...§~≈~~≈~~...#
#.5≈~≈≈≈≈≈≈~..#
#.~≈≈~≈≈≈≈≈≈~.#


You could see Pikel (strong, combustible) and a lemure (combustible).

Vanquished Creatures
  A lemure (D:4)
  A scorpion (D:4)
  2 orc priests
  2 hounds
  2 iguanas (D:4)
  An orc wizard (D:5)
  5 adders
  4 gnolls (D:4)
  3 worms
  3 dart slugs
  9 orcs
  6 endoplasms
  3 giant cockroaches
  5 goblins (D:1)
  6 hobgoblins
  10 kobolds
  8 quokkas
  8 ball pythons
  6 bats
  2 frilled lizards
  3 rats (D:2)
90 creatures vanquished.

Vanquished Creatures (others)
  253 foxfires
  A plant (D:5)
254 creatures vanquished.

Grand Total: 344 creatures vanquished

Notes
Turn   | Place    | Note
-------+----------+-------------------------------------------
     0 | D:1      | Ijustatesigmund the Deep Elf Fire Elementalist began the
                  | quest for the Orb.
     0 | D:1      | Reached XP level 1. HP: 10/10 MP: 6/6
   227 | D:1      | Reached XP level 2. HP: 16/16 MP: 5/8
   230 | D:1      | Learned a level 2 spell: Scorch
  1080 | D:2      | Reached XP level 3. HP: 19/20 MP: 7/10
  1207 | D:2      | Reached skill level 1 in Fighting
  1236 | D:2      | Found a shimmering altar of Xom.
  1327 | D:2      | Identified the +6 short sword "Jaz Puz" {vorpal, Int+2}
  1473 | D:2      | Reached XP level 4. HP: 25/25 MP: 6/11
  1478 | D:2      | Learned a level 4 spell: Flame Wave
  1930 | D:3      | Reached skill level 4 in Spellcasting
  1981 | D:3      | Reached skill level 1 in Staves
  1997 | D:3      | Reached XP level 5. HP: 4/29 MP: 3/13
  3357 | D:4      | Gained mutation: Your magical capacity is low. (-10% MP)
                  | [potion of mutation]
  3357 | D:4      | Gained mutation: You are strong-willed. (Will+) [potion of
                  | mutation]
  3357 | D:4      | Gained mutation: You are occasionally teleported next to
                  | monsters. [potion of mutation]
  3358 | D:4      | Lost mutation: You are occasionally teleported next to
                  | monsters. [potion of mutation]
  3358 | D:4      | Lost mutation: You are strong-willed. (Will+) [potion of
                  | mutation]
  3358 | D:4      | Gained mutation: Your mind is acute. (Int +4, Str/Dex -1)
                  | [potion of mutation]
  3358 | D:4      | Gained mutation: Your magical capacity is very low. (-20%
                  | MP) [potion of mutation]
  3358 | D:4      | Gained mutation: You are partially covered in large bone
                  | plates. (SH +4) [potion of mutation]
  3359 | D:4      | Lost mutation: You are partially covered in large bone
                  | plates. (SH +4) [potion of mutation]
  3359 | D:4      | Lost mutation: Your mind is acute. (Int +4, Str/Dex -1)
                  | [potion of mutation]
  3359 | D:4      | Lost mutation: Your magical capacity is very low. (-20% MP)
                  | [potion of mutation]
  3359 | D:4      | Gained mutation: You occasionally shout uncontrollably at
                  | your foes. [potion of mutation]
  3359 | D:4      | Gained mutation: Your flesh is cold resistant. (rC+)
                  | [potion of mutation]
  3360 | D:4      | Lost mutation: You occasionally shout uncontrollably at
                  | your foes. [potion of mutation]
  3360 | D:4      | Lost mutation: Your flesh is cold resistant. (rC+) [potion
                  | of mutation]
  3360 | D:4      | Gained mutation: You have a pair of small antennae on your
                  | head. [potion of mutation]
  3360 | D:4      | Gained mutation: You are agile. (Dex +4, Str/Int -1)
                  | [potion of mutation]
  3361 | D:4      | Lost mutation: You have a pair of small antennae on your
                  | head. [potion of mutation]
  3361 | D:4      | Lost mutation: You are agile. (Dex +4, Str/Int -1) [potion
                  | of mutation]
  3361 | D:4      | Lost mutation: Your magical capacity is low. (-10% MP)
                  | [potion of mutation]
  3361 | D:4      | Gained mutation: You possess an exceptional clarity of
                  | mind. [potion of mutation]
  3361 | D:4      | Gained mutation: You have a pair of small horns on your
                  | head. [potion of mutation]
  3450 | D:4      | Reached XP level 6. HP: 34/34 MP: 11/15
  3609 | D:4      | Reached skill level 5 in Spellcasting
  3609 | D:4      | Reached skill level 1 in Evocations
  4059 | D:5      | Entered Level 5 of the Dungeon
  4207 | D:5      | Noticed Pikel
  4216 | D:5      | Mangled by Pikel

Illustrated notes

Levels and vault maps discovered:
D:1:      lemuel_arrival_tunnels, layout_loops_cross,
          chequers_serial_rivers_room_a, minmay_split_cup_large
D:2:      layout_basic, basic_altar, minmay_heptomino_h4
D:3:      layout_basic
D:4:      layout_rooms, st_stairs_4, roderic_serpentine_path, amethyst_killhole
D:5:      layout_loops_ring, fedhas_ov_isle_minmay, uniq_pikel, uniq_edmund

Skill      XL: |  1  2  3  4  5  6 |
---------------+-------------------+-----
Fighting       | 1 |  1.7
Conjurations   | 2 3 |  3.6
Spellcasting   | 4 5 |  5.3
Staves         | 1 2 |  2.0
Fire Magic     | 4 |  4.9
Evocations     | 1 |  1.6
Dodging        | |  2.4
Stealth        | |  2.4

Action                   |  1- 3 |  4- 6 || total
-------------------------+-------+-------++-------
Melee: Dagger            |    12 |       ||    12
       Spear             |     6 |       ||     6
 Cast: Foxfire           |    57 |    98 ||   155
       Scorch            |     1 |    12 ||    13
  Use: Scroll            |       |     6 ||     6
       Potion            |       |     5 ||     5
 Stab: Sleeping          |     1 |       ||     1
Armor: Robe              |     5 |     4 ||     9
Dodge: Dodged            |    21 |    19 ||    40

Table legend: (Time is in decaauts)
 A = Elapsed time spent in this place.
 B = Non-inter-level travel time spent in this place.
 C = Inter-level travel time spent in this place.
 D = Time resting spent in this place.
 E = Time spent auto-exploring this place.
 F = Levels seen in this place.
 G = Mean time per level.
                   A        B        C        D        E       F      G
               +--------+--------+--------+--------+--------+-----+--------+
         Total |   4215 |   3990 |    225 |    396 |   2914 |   5 |  843.0 |
       Dungeon |   4215 |   3990 |    225 |    396 |   2914 |   5 |  843.0 |
               +--------+--------+--------+--------+--------+-----+--------+

Top non-repeatable levels by time:
     D:3: 1190 daAuts
     D:1: 1101 daAuts
     D:4: 1019 daAuts
     D:2: 824 daAuts
     D:5: 80 daAuts
